AoeStats
← R3aLPopado

Arena

505762336Analyzed
4v4 RM · 22d ago on Sep 10, 2026· 50m 45s· 8 players
Game mode
Random Map
Map size
Large (8 player)
Population
200
Speed
Normal
Resources
Standard
Victory
Conquest
Starting age
Dark Age
Ending age
Imperial Age
RankedLock teamsTeams togetherTeam positionsShared explorationLock speedFull tech treeHidden civsTurbo modeCheats
Victory
Defeat
🇺🇸 Burgundians · United States
936
+5
🇦🇷 Koreans · Argentina
881
+6
🇺🇸 Bohemians · United States
836
+8
🇺🇸 Bohemians · United States
824
+9
🇲🇽 Huns · Mexico
701
-8
🇹🇷 Cumans · Türkiye
681
-10
🇨🇦 Britons · Canada
671
-8
🇧🇷 Vietnamese · Brazil
498
-4
filiusgaya
0:44 Loom
10:59 Feudal Age
11:26 Horse Collar
11:36 Double-Bit Axe
11:43 Town Watch
12:34 Wheelbarrow
12:02 Gold Mining
21:35 Castle Age
19:44 Stone Mining
22:34 Bow Saw
22:28 Heavy Plow
22:46 Town Patrol
23:02 Hand Cart
23:28 Gold Shaft Mining
29:05 Husbandry
29:15 Bloodlines
28:28 Light Cavalry
34:14 Imperial Age
32:33 Ballistics
32:23 Masonry
32:09 Murder Holes
32:26 Forging
32:16 Scale Mail Armor
32:17 Padded Archer Armor
32:24 Arson
32:40 Squires
32:00 Pikeman
32:54 Scale Barding Armor
32:41 Fletching
33:04 Caravan
33:32 Marauders
33:10 Man-at-Arms
33:16 Elite Skirmisher
34:03 Thumb Ring
35:38 Conscription
35:57 Iron Casting
36:26 Chemistry
35:39 Guilds
35:59 Coinage
35:19 Capped Ram
36:22 Atheism
35:56 Elite Tarkan
36:04 Crossbowman
37:53 Chain Barding Armor
37:49 Chain Mail Armor
38:34 Blast Furnace
37:30 Bodkin Arrow
37:50 Leather Archer Armor
37:07 Imperial Skirmisher
38:23 Halberdier
39:41 Plate Barding Armor
40:20 Two-Man Saw
44:46 Bracer
45:22 Banking
44:51 Elite Tarkan
46:57 Hussar
46:58 Cavalier
Triumph
11:59 Feudal Age
12:52 Double-Bit Axe
12:49 Horse Collar
18:13 Castle Age
18:24 Fletching
26:02 Crossbowman
26:47 Padded Archer Armor
28:56 Fortified Wall
29:08 Ballistics
28:48 Elite Skirmisher
29:47 Heavy Plow
35:00 Imperial Age
33:08 Wheelbarrow
32:20 Loom
32:38 Caravan
34:01 Bow Saw
34:09 Hand Cart
33:40 Town Watch
34:57 Town Patrol
35:08 Gold Mining
35:08 Stone Mining
35:08 Treadmill Crane
35:38 Masonry
35:24 Murder Holes
36:43 Chemistry
35:13 Arbalester
36:37 Conscription
39:22 Yeomen
39:02 Bodkin Arrow
39:22 Leather Archer Armor
39:11 Onager
def4bensemana
0:28 Loom
13:43 Feudal Age
15:12 Double-Bit Axe
15:48 Gold Mining
15:49 Stone Mining
20:59 Castle Age
22:45 Stone Shaft Mining
22:08 Horse Collar
22:48 Pikeman
23:55 Padded Archer Armor
28:51 Bow Saw
28:49 Elite Skirmisher
29:48 Leather Archer Armor
33:20 Wheelbarrow
34:57 Fletching
36:22 Hand Cart
38:01 Heavy Plow
akgun_demirtas_96
1:42 Loom
11:33 Feudal Age
12:00 Double-Bit Axe
11:58 Horse Collar
12:11 Stone Mining
14:49 Wheelbarrow
16:40 Town Watch
26:53 Arson
26:29 Man-at-Arms
32:01 Castle Age
33:13 Bow Saw
32:55 Gold Mining
33:09 Heavy Plow
33:26 Hand Cart
33:17 Town Patrol
36:02 Scale Barding Armor
35:57 Scale Mail Armor
35:58 Padded Archer Armor
36:09 Forging
41:34 Coinage
R3aLPopado
11:57 Feudal Age
12:43 Double-Bit Axe
18:05 Castle Age
17:15 Horse Collar
24:36 Wheelbarrow
25:07 Heavy Plow
26:19 Hand Cart
26:29 Bow Saw
31:03 Imperial Age
29:48 Chemistry
29:10 Ballistics
30:24 Pikeman
31:05 Squires
30:51 Arson
31:26 Forging
31:17 Scale Mail Armor
31:26 Town Watch
31:30 Halberdier
34:20 Iron Casting
35:39 Two-Man Saw
35:24 Town Patrol
39:16 Houfnice
41:06 Blast Furnace
40:22 Chain Mail Armor
42:36 Wagenburg Tactics
42:22 Treadmill Crane
42:53 Masonry
42:54 Fortified Wall
42:41 Murder Holes
42:32 Arrowslits
42:53 Siege Engineers
43:31 Plate Mail Armor
48:59 Spies/Treason
50:00 Conscription
49:49 Hussite Reforms
49:05 Elite Hussite Wagon
jwblsu
10:41 Feudal Age
15:52 Castle Age
14:31 Double-Bit Axe
14:33 Horse Collar
16:13 Heavy Plow
17:03 Bow Saw
19:42 Crop Rotation
20:32 Wheelbarrow
22:25 Two-Man Saw
23:09 Hand Cart
23:21 Stone Mining
24:49 Stone Shaft Mining
25:48 Gold Mining
31:50 Imperial Age
30:04 Burgundian Vineyards
29:38 Cavalier
30:19 Husbandry
30:15 Light Cavalry
32:49 Gold Shaft Mining
32:57 Scale Barding Armor
33:03 Forging
33:22 Conscription
32:25 Paladin
32:42 Hussar
35:37 Elite Coustillier
37:14 Chain Barding Armor
37:30 Iron Casting
40:26 Blast Furnace
40:02 Plate Barding Armor
berny762010
10:51 Feudal Age
11:54 Double-Bit Axe
20:25 Castle Age
18:17 Loom
18:36 Loom
18:45 Fletching
18:56 Padded Archer Armor
19:50 Horse Collar
21:36 Wheelbarrow
21:01 Loom
21:36 Bodkin Arrow
23:06 Chemistry
22:53 Bow Saw
23:32 Hand Cart
23:02 Crossbowman
24:14 Ballistics
25:30 Fortified Wall
26:03 Leather Archer Armor
33:04 Imperial Age
31:34 Masonry
32:02 Heavy Plow
33:56 Bracer
34:27 Ring Archer Armor
35:24 Conscription
36:55 Two-Man Saw
36:21 Wagenburg Tactics
35:40 Elite Hussite Wagon
38:47 Treadmill Crane
39:14 Siege Engineers
39:39 Architecture
39:16 Town Watch
diegotapia
7:21 Loom
10:39 Feudal Age
11:20 Double-Bit Axe
16:57 Castle Age
15:10 Stone Mining
15:49 Gold Mining
18:05 Bow Saw
22:11 Stone Shaft Mining
30:10 Fletching
30:59 Wheelbarrow
36:34 Imperial Age
34:41 Bodkin Arrow
35:39 Eupseong
36:05 Hand Cart
36:59 Gold Shaft Mining
37:50 Ballistics
38:31 Chemistry
37:46 Bracer
38:25 Conscription
41:52 Elite War Wagon
42:58 Shinkichon
48:19 Spies/Treason
Connection lost

Rejoining the realm…

Still unreachable

The connection could not be restored.

Session expired

The server has moved on; the page needs a fresh start.